[Event "Late-Titled-Tuesday-Blitz-October-10-2023"]
[Site "Chess.com"]
[Date "2023.10.10"]
[Round "2"]
[White "biostatistician"]
[Black "Arystanner"]
[Result "0-1"]
[WhiteElo "2541"]
[BlackElo "2822"]
[TimeControl "180+1"]
[EndTime "14:18:05 PDT"]
[Termination "Arystanner won on time"]

1. d4 e6 2. Nf3 b6 3. e4 d5 4. e5 c5 5. c3 Ne7 6. Bd3 Qd7 7. Qe2 Ng6 8. h4 Be7 9. h5 Nf8 10. h6 Rg8 11. g3 g5 12. Rh5 g4 13.
Nh2 cxd4 14. cxd4 Nc6 15. Be3 Nb4 16. Bb5 Nc6 17. Nc3 a6 18. Bd3 Nb4 19. Bb1 a5 20. a3 Ba6 21. Qd1 Nc6 22. Nxg4 b5 23.
f3 b4 24. Na4 Qb7 25. Bd3 Nd7 26. Rh2 Rh8 27. Rc2 Bb5 28. Bxb5 Qxb5 29. Rac1 bxa3 30. Rxc6 axb2 31. Rc8+ Rxc8 32. Rxc8+ Bd8 33. Nc3 Qb7 34. Rxd8+ Kxd8 35. Qc2 Qb4 36. Kd2 a4 37. Nf2 a3 38.
Nd3 Qa5 39. Qb3 Rg8 40. g4 Ke7 41. Kc2 Rb8 42. Qa2 Qa6 43. Bd2 Kf8 44. Nb1 Kg8 45.
Nxa3 Qa4+ 46. Kc3 Qd1 0-1

[Event "Late-Titled-Tuesday-Blitz-October-10-2023"]
[Site "Chess.com"]
[Date "2023.10.10"]
[Round "2"]
[White "Andrej2004"]
[Black "Sulthankan"]
[Result "0-1"]
[WhiteElo "2579"]
[BlackElo "2358"]
[TimeControl "180+1"]
[EndTime "14:18:06 PDT"]
[Termination "Sulthankan won by resignation"]

1. Nf3 Nf6 2. c4 g6 3. b3 Bg7 4. Bb2 O-O 5. g3 c6 6. Bg2 d5 7. O-O a5 8. d3 Na6 9. Nc3 Re8 10. Qd2 e5 11. cxd5 cxd5 12. Nb5 e4 13. Nfd4 Nb4 14. a3 Nc6 15. Nxc6 bxc6 16. Nd4 Qd6 17. b4 exd3 18. exd3 Rb8 19. Rfc1 Bd7 20. bxa5 c5 21. Nf3 Ne4 22. dxe4 Bxb2 23. Qxd5 Qxd5 24. exd5 Bxa1 25. Rxa1 Ra8 26. Nd2 Rxa5 27. Nc4 Ra6 28. Rb1 Bf5 29. Rc1 Bd3 30. h4 Kf8 31. Ne3 c4 32. Nxc4 Rc8 33. Rc3 Bxc4 34.
Bf1 Ra4 35. d6 Ke8 36. Bh3 f5 37. h5 Ba6 38. Re3+ Kd7 39. Re7+ Kxd6 40. Rxh7 Rc1+ 41. Kh2 gxh5 42. Rxh5 Bb7 43. Bg2 Bxg2 44. Kxg2 Ke5 45. Rh8 Rxa3 46. Re8+ Kf6 47. Rf8+ Kg6 48. Rg8+ Kf7 49.
Rg5 Kf6 50. Rh5 Rc2 51. Rh6+ Ke5 52. Rh8 Raa2 53. Re8+ Kf6 54. Rf8+ Kg6 55. Rg8+ Kf7 56. Rb8 Rxf2+ 57. Kg1 Rg2+ 58. Kf1 Rxg3 59. Rb6 Rc3 60. Rb1 Kf6 61. Kg1 Kg5 62. Kh1 Kg4 63. Rg1+ Rg3 64. Rg2 Ra1+ 65. Kh2 Rxg2+ 66. Kxg2 f4 0-1

[Event "Late-Titled-Tuesday-Blitz-October-10-2023"]
[Site "Chess.com"]
[Date "2023.10.10"]
[Round "2"]
[White "FairChess_on_YouTube"]
[Black "jguerramzllo"]
[Result "1-0"]
[WhiteElo "3090"]
[BlackElo "2650"]
[TimeControl "180+1"]
[EndTime "14:18:08 PDT"]
[Termination "FairChess_on_YouTube won by checkmate"]

1. d4 d5 2. c4 e6 3. Nc3 Nf6 4. Nf3 c5 5. cxd5 cxd4 6. Qa4+ Bd7 7. Qxd4 exd5 8. Bg5 Be7 9. e3 Nc6 10. Qd3 O-O 11.
Be2 Be6 12. O-O Qb6 13. Nb5 Rac8 14. Nbd4 Rfd8 15. h3 Nxd4 16. Nxd4 Rd7 17. Qb5 Qxb5 18. Bxb5 Rdc7 19. Bd3 Ne4 20. Bxe7 Rxe7 21. Rac1 Rec7 22.
Rxc7 Rxc7 23. Rd1 Kf8 24. Nb5 Rc5 25. f3 Nf6 26. b4 Rc8 27. Kf2 a6 28. Nd4 Ke7 29.
Ke2 Rc7 30. g4 h6 31. a4 Bd7 32. b5 axb5 33. axb5 Ne8 34. Kd2 Nd6 35. Ra1 Rc8 36.
Ra7 g6 37. h4 Kd8 38. b6 Rb8 39. Ra5 Bc6 40. Kc3 Nc8 41. Bb5 Nxb6 42. Bxc6 Rc8 43. Ra7 bxc6 44. Rxf7 c5 45. Nb5 Rc6 46. Rh7 Re6 47.
Kd3 Nc4 48. e4 dxe4+ 49. Kxc4 e3 50. Nc3 e2 51. Nxe2 Rxe2 52. Rxh6 Rf2 53. Rxg6 Rxf3 54. Kxc5 Ke7 55. h5 Kf7 56. Kd5 Rf1 57. Ke5 Rf2 58.
Rg5 Re2+ 59. Kf4 Rf2+ 60. Kg3 Ra2 61. Rf5+ Kg7 62. Kh4 Ra4 63. Kg5 Ra7 64. h6+ Kh7 65.
Kh5 Rb7 66. g5 Ra7 67. Rb5 Ra8 68. g6+ Kg8 69. h7+ Kh8 70. Kh6 Re8 71. g7# 1-0

[Event "Late-Titled-Tuesday-Blitz-October-10-2023"]
[Site "Chess.com"]
[Date "2023.10.10"]
[Round "2"]
[White "micke12a"]
[Black "FrankDux44"]
[Result "0-1"]
[WhiteElo "2338"]
[BlackElo "2640"]
[TimeControl "180+1"]
[EndTime "14:18:09 PDT"]
[Termination "FrankDux44 won by resignation"]

1. e4 c5 2. Nf3 d6 3. d4 cxd4 4. Qxd4 Nc6 5. Qe3 g6 6. Be2 Bg7 7. O-O Nf6 8. h3 O-O 9. Rd1 Qc7 10. Nc3 a6 11. Nd5 Nxd5 12. exd5 Nb4 13. Ne1 Nxc2 14.
Nxc2 Qxc2 15. Qxe7 Bf5 16. Bf3 Rfe8 17. Qxd6 Qxd1+ 18.
Bxd1 Re1+ 19. Kh2 Be5+ 20. Qxe5 Rxe5 21. Bf3 Be4 22. Bf4 Rf5 23. Bxe4 Rxf4 24. Bf3 Rc8 25.
Re1 Kf8 26. d6 Rd8 27. Re7 Rxd6 28. Rxb7 a5 29. Ra7 Rb4 30. Rxa5 Rxb2 31. Kg3 h5 32. Ra8+ Kg7 33. a4 Rd4 34. h4 Ra2 35. Bc6 Ra3+ 36. f3 Rd2 37. Ra7 Raa2 38. a5 Rxg2+ 39. Kf4 Rh2 40. Bd5 Ra4+ 41. Kg3 Rd2 42. Bxf7 Kf6 43. a6 Rd6 44. Be8 Raxa6 45. Rf7+ Ke6 46. Rf4 Rd8 47. Bxg6 Rg8 48. Re4+ Kf6 49. Rb4 Rxg6+ 50. Kf4 Re6 51. Rb8 Kf7 52. Rh8 Ref6+ 53. Ke4 Rh6 54. Ra8 Kg6 55. Rg8+ Kh7 56. Ra8 Rf7 57. f4 Re6+ 58. Kf3 Rb6 59. Ra5 Rb3+ 60. Ke4 Rb4+ 61. Ke3 Kg6 62.
Rg5+ Kh6 63. f5 Rxh4 64. Rg6+ Kh7 65. Rg1 Rxf5 0-1

[Event "Late-Titled-Tuesday-Blitz-October-10-2023"]
[Site "Chess.com"]
[Date "2023.10.10"]
[Round "2"]
[White "Inepton_Fermion"]
[Black "Mariia89"]
[Result "0-1"]
[WhiteElo "2405"]
[BlackElo "2064"]
[TimeControl "180+1"]
[EndTime "14:18:11 PDT"]
[Termination "Mariia89 won by checkmate"]

1. Nf3 c5 2. b3 Nc6 3. Bb2 Nf6 4. c4 d5 5. cxd5 Nxd5 6. g3 Bg4 7. Bg2 e6 8. O-O Rc8 9. d3 Bxf3 10. Bxf3 Nd4 11. Bg2 e5 12. Nd2 Be7 13. Rc1 O-O 14. Nc4 Bf6 15.
Qd2 b5 16. Ne3 Nb4 17. Ng4 Re8 18. Rfd1 h5 19. Nxf6+ Qxf6 20. Bc3 Na6 21. h4 Nb8 22. Bb2 Nd7 23. Bb7 Rc7 24. Be4 Nb6 25. Qe3 Rec8 26. Kg2 a5 27. Qd2 a4 28. e3 Ne6 29. Qa5 Nd8 30. f4 Nd7 31. bxa4 bxa4 32. Qxa4 Qe6 33.
Qc4 Qb6 34. Bxe5 Nxe5 35. fxe5 Ne6 36. Bf5 Qb2+ 37. Rc2 Qxe5 38. Bxe6 fxe6 39. Qf4 Qd5+ 40. Qf3 Qd6 41. Rdc1 Rf7 42. Qxh5 Qxd3 43. Qe2 Qd5+ 44.
Kh2 c4 45. Rxc4 Ra8 46. R4c2 Raf8 47. Qg2 Qd3 48. e4 Qe3 49. Kh1 Rf2 50. Qg1 Qf3+ 51.
Qg2 Qxg2# 0-1

[Event "Late-Titled-Tuesday-Blitz-October-10-2023"]
[Site "Chess.com"]
[Date "2023.10.10"]
[Round "2"]
[White "IngOscarArdila"]
[Black "WPWPWP-2015"]
[Result "0-1"]
[WhiteElo "2317"]
[BlackElo "2523"]
[TimeControl "180+1"]
[EndTime "14:18:12 PDT"]
[Termination "WPWPWP-2015 won on time"]

1. d4 Nf6 2. c4 e6 3. Nc3 Bb4 4. Bg5 h6 5. Bh4 g5 6. Bg3 Ne4 7. Qc2 Bxc3+ 8. bxc3 d5 9. e3 Nd7 10.
Bd3 f5 11. Ne2 O-O 12. f3 Nef6 13. cxd5 Nxd5 14. Bf2 c5 15. e4 Ne7 16. h4 g4 17.
Qd2 Kg7 18. Be3 Rf6 19. O-O Ng8 20. fxg4 fxg4 21. g3 Rf3 22. Rxf3 gxf3 23. Nf4 Ndf6 24.
Rf1 e5 25. dxe5 Ng4 26. Rxf3 Nxe5 27. Qe2 Bg4 28. Ne6+ Bxe6 29. Bf4 Nxf3+ 30. Qxf3 Qf6 31. e5 Qf7 32. Qe4 Kh8 33. Be2 Rd8 34. a4 Bf5 35. Qe3 Qg6 36. Qxc5 Rd7 37. Qe3 Qe6 38. c4 b6 39. h5 Qe7 40. a5 Qc5 41. axb6 axb6 42. Qxc5 bxc5 43. Be3 Rc7 44. Kf2 Be6 45. Kf3 Kg7 46.
Ke4 Ne7 47. Bf4 Bf5+ 48. Ke3 Be6 49. g4 Rd7 50. Bg3 Rd4 51. Bh4 Ng8 52. Bf6+ Nxf6 53. exf6+ Kxf6 54. Bf3 Bxg4 55. Bg2 Bxh5 56. Bd5 Bf7 57. Kf2 Bxd5 58. cxd5 Rxd5 59. Ke3 Kf5 60. Kf3 Re5 0-1

[Event "Late-Titled-Tuesday-Blitz-October-10-2023"]
[Site "Chess.com"]
[Date "2023.10.10"]
[Round "2"]
[White "emiliochess"]
[Black "josiur"]
[Result "1-0"]
[WhiteElo "2317"]
[BlackElo "2503"]
[TimeControl "180+1"]
[EndTime "14:18:12 PDT"]
[Termination "emiliochess won by resignation"]

1. d4 d5 2. Bf4 e6 3. e3 Bd6 4. Nf3 Bxf4 5. exf4 Nf6 6. Nbd2 O-O 7. c3 Qd6 8. g3 b6 9. Bd3 Ba6 10. Ne5 Bxd3 11. Nxd3 c5 12. dxc5 bxc5 13. O-O Nc6 14. Re1 Rab8 15. Rb1 Rb7 16. Ne5 Rfb8 17. Qa4 Ne7 18. b3 h5 19. Rbd1 h4 20. Ndc4 Qc7 21. Na5 Rb6 22. Kg2 Ne4 23. Rxe4 dxe4 24. Qxe4 Rd6 25. Rxd6 Qxd6 26. Nac4 Qd5 27. Kf3 hxg3 28. fxg3 f6 29. Nd3 Rd8 30. Nf2 Kf7 31. Ne3 Qxe4+ 32. Nxe4 Nd5 33. Nc4 Nb6 34. Ne3 Rc8 35. Nd6+ Ke7 36.
Nxc8+ Nxc8 37. Ke4 Nd6+ 38. Kd3 Kd7 39. h3 Kc6 40. g4 Nf7 41. Nc4 Nd8 42. Ke4 Nf7 43. h4 Nd8 44. g5 Nf7 45. a4 f5+ 46. Ke3 Kd5 47. Kd3 g6 48. Ne3+ Kc6 49. b4 cxb4 50. cxb4 a6 51. Nc4 Kd5 52. Ne3+ Kc6 53. Kd4 Kd6 54. Nc4+ Ke7 55. Ne5 Nxe5 56. Kxe5 Kd7 57.
Kf6 Kd6 58. b5 axb5 59. axb5 e5 60. fxe5+ Kd5 61. e6 Kd6 62. e7 Kd7 63. Kf7 f4 64. e8=Q+ 1-0

[Event "Late-Titled-Tuesday-Blitz-October-10-2023"]
[Site "Chess.com"]
[Date "2023.10.10"]
[Round "2"]
[White "baag"]
[Black "Lady_Nika"]
[Result "1-0"]
[WhiteElo "2880"]
[BlackElo "2561"]
[TimeControl "180+1"]
[EndTime "14:18:16 PDT"]
[Termination "baag won on time"]

1. d4 d5 2. c4 e6 3. Nf3 f5 4. g3 Nf6 5. Bg2 c6 6. O-O Bd6 7. Nc3 Nbd7 8. Qc2 Ne4 9. Rb1 O-O 10. b4 Qe7 11. b5 Ndf6 12. bxc6 bxc6 13. Ne5 Bxe5 14. dxe5 Nd7 15. cxd5 cxd5 16. Nb5 Ba6 17. Ba3 Nec5 18. Nc7 Bc4 19. Nxa8 Rxa8 20. Rfd1 Rc8 21. Qb2 Qd8 22. Bxc5 Nxc5 23. Rd4 Qc7 24. Rd2 Qa5 25. Rc2 Qa6 26. h4 h6 27. Bf3 Kh7 28. h5 Nd7 29.
Qb7 Qxb7 30. Rxb7 Nxe5 31. Rxa7 Rb8 32. Re7 d4 33. Rxc4 Nxc4 34. Rxe6 Rb1+ 35. Kg2 Ra1 36. Bd5 Nd2 37. Re8 g5 38. Re7+ Kh8 39. Be6 f4 40.
gxf4 gxf4 41. Rd7 Re1 42. Bg4 Ne4 43. Rxd4 Nf6 44. Bf3 Ra1 45. Rxf4 Kg7 46. Ra4 Kf7 47. Ra7+ Ke6 48. a4 Kf5 49. Ra6 Kg5 50. e3 Ra2 51.
Kg3 Ra3 52. a5 Rc3 53. Ra8 Ra3 54. a6 1-0

[Event "Late-Titled-Tuesday-Blitz-October-10-2023"]
[Site "Chess.com"]
[Date "2023.10.10"]
[Round "2"]
[White "Vegan4future"]
[Black "YQPerez"]
[Result "0-1"]
[WhiteElo "2407"]
[BlackElo "2883"]
[TimeControl "180+1"]
[EndTime "14:18:17 PDT"]
[Termination "YQPerez won by resignation"]

1. d4 Nf6 2. Nc3 e6 3. Bf4 d5 4. Nb5 Na6 5. e3 c6 6. Nc3 Bb4 7. Bxa6 bxa6 8. Nf3 Ne4 9. O-O Nxc3 10. bxc3 Bxc3 11.
Rb1 Ba5 12. Ne5 Bb6 13. Nxc6 Qd7 14. Ne5 Qa4 15. Qg4 Kf8 16. Qh5 Qe8 17. Rfc1 f6 18.
Qxe8+ Kxe8 19. Nd3 Bd7 20. c4 dxc4 21. Rxc4 Bb5 22.
Rc3 Bxd3 23. Rxd3 Kd7 24. Rc3 Rhc8 25. Rbc1 Rxc3 26. Rxc3 h5 27. h3 g5 28. Bg3 h4 29.
Bh2 a5 30. Kf1 Rg8 31. f3 f5 32. Be5 g4 33. fxg4 fxg4 34. hxg4 Rxg4 35. Rc2 Bd8 36. Rf2 Ke8 37. Ke2 Be7 38. Kd3 Rg8 39. Kc4 Kd7 40. Kb5 Rc8 41. Kxa5 Rc3 42. Kb5 Rxe3 43. Rc2 Bd8 44. a4 Rb3+ 45. Kc4 Rb1 46. Kd3 Ra1 47. Ke4 Rxa4 48. Rf2 Ke8 49. Rb2 Bb6 50. Rc2 Kd7 51. Rf2 Ke8 52. Rc2 Ra1 53. Rc8+ Kf7 54. Rh8 Rg1 55. Rxh4 Rxg2 56. Rh7+ Ke8 57. Kd3 Rg1 58. Kc4 Rb1 59. Rg7 a5 60. Rb7 Rb4+ 61. Kd3 Kd8 62. Rb8+ Kd7 63. Ra8 Kc6 64. Re8 Kd5 65. Ra8 a4 66. Kc3 Rc4+ 67. Kd3 Bxd4 68. Bxd4 Rxd4+ 69. Kc3 Re4 70. Rd8+ Ke5 71. Kd3 Rb4 72. Kc3 Rh4 73. Rh8 Rxh8 0-1

[Event "Late-Titled-Tuesday-Blitz-October-10-2023"]
[Site "Chess.com"]
[Date "2023.10.10"]
[Round "2"]
[White "AsaHoffmann"]
[Black "dretch"]
[Result "0-1"]
[WhiteElo "2404"]
[BlackElo "2843"]
[TimeControl "180+1"]
[EndTime "14:18:23 PDT"]
[Termination "dretch won on time"]

1. d4 d5 2. Bg5 h6 3. Bh4 Nf6 4. Nd2 e6 5. e3 c5 6. c3 Nc6 7. f4 Qb6 8. Rb1 Bd6 9. Ngf3 cxd4 10. cxd4 Ng4 11. Qe2 Nb4 12. Bf2 Bd7 13. h3 Nc2+ 14.
Kd1 Nxf2+ 15. Qxf2 Ba4 16. b3 Na3 17. Rc1 Bc6 18. Bd3 f6 19. Qg3 g5 20. Qg4 Ke7 21.
fxg5 hxg5 22. Rf1 Rag8 23. e4 Bf4 24. exd5 Bxd5 25. Re1 Kd8 26. g3 f5 27. Bxf5 Bxd2 28. Nxd2 exf5 29. Qxf5 Bc6 30. Qf6+ Kc8 31. d5 Rd8 32. dxc6 Rhf8 33. Qe6+ Kc7 34. cxb7+ Kxb7 35. Qe7+ Kb8 36. Qe5+ Ka8 37. Qe4+ Kb8 38. Re2 Nb5 39. Qe5+ Ka8 40. Qe4+ Kb8 41. Qe5+ Rd6 42. Rc4 Na3 43. Kc1 Rd8 44. Kb2 Ka8 45. Kxa3 Rxd2 46. Rxd2 Rxd2 47. Qe8+ Rd8 48. Qe4+ Kb8 49. Qe5+ Ka8 50.
Qxg5 Qa6+ 51. Ra4 Qd6+ 52. Rb4 Rb8 53. Qf4 Qa6+ 54. Kb2 Qe2+ 55. Kb1 Qe1+ 56. Kb2 Qxb4 57. Qxb4 Rxb4 58. g4 Rb7 59. h4 Rf7 60. g5 Rf4 61.
h5 Rf5 62. g6 Rxh5 0-1

[Event "Late-Titled-Tuesday-Blitz-October-10-2023"]
[Site "Chess.com"]
[Date "2023.10.10"]
[Round "2"]
[White "McCarthyStone"]
[Black "K_alena13"]
[Result "0-1"]
[WhiteElo "2423"]
[BlackElo "2164"]
[TimeControl "180+1"]
[EndTime "14:18:24 PDT"]
[Termination "K_alena13 won by checkmate"]

1. c4 c6 2. d4 d5 3. cxd5 cxd5 4.
Nc3 Nc6 5. Bf4 a6 6. Rc1 Nf6 7.
Nf3 Bf5 8. e3 e6 9. Bd3 Bxd3 10.
Qxd3 Bd6 11. Bg3 O-O 12. O-O Rc8 13. a3 Na5 14. Na4 Nc4 15. Ne5 Bxe5 16. dxe5 Ne4 17. Qd4 b5 18. Nc3 Ned2 19. Rc2 Nxf1 20. Kxf1 Qg5 21.
b3 Na5 22. Qb4 Nc6 23. Qf4 Qxf4 24. Bxf4 b4 25. Nb1 bxa3 26. Nxa3 Nb4 27. Rd2 Rc3 28. Ke2 Rxb3 29. Nc2 Rc8 30. Nxb4 Rxb4 31. Bg5 h6 32.
Be7 Rb1 33. Ra2 Ra8 34. e4 dxe4 35. Ke3 a5 36. Kxe4 a4 37. Ra3 Rb3 38. Ra2 a3 39. g3 Rb2 40. Rxa3 Rxa3 41. Bxa3 Rxf2 42. h4 Rg2 43. Kf3 Rg1 44. Bd6 Rd1 45. Ke2 Rd5 46.
Ke3 Kh7 47. h5 Rd1 48. Kf3 Rh1 49. Kg4 g6 50. hxg6+ Kxg6 51. Kf4 Rf1+ 52. Kg4 h5+ 53.
Kh3 Kg5 54. Be7+ Kf5 55. Bf6 Re1 56. Bg7 Rxe5 57. Bxe5 Kxe5 58. Kh4 Kd4 59. Kxh5 e5 60. Kg5 e4 61. Kf6 e3 62. g4 e2 63. g5 e1=Q 64. Kxf7 Qg3 65. g6 Ke5 66. g7 Qf4+ 67. Ke7 Qg5+ 68.
Kf7 Qf5+ 69. Ke7 Qg6 70. Kf8 Qf6+ 71. Kg8 Ke6 72. Kh7 Qh4+ 73. Kg6 Qg4+ 74. Kh7 Qh5+ 75. Kg8 Kf6 76. Kf8 Qf7# 0-1

[Event "Late-Titled-Tuesday-Blitz-October-10-2023"]
[Site "Chess.com"]
[Date "2023.10.10"]
[Round "2"]
[White "Mikhail_Golubev"]
[Black "sergoy"]
[Result "1/2-1/2"]
[WhiteElo "2612"]
[BlackElo "2982"]
[TimeControl "180+1"]
[EndTime "14:18:31 PDT"]
[Termination "Game drawn - insufficient material"]

1. e4 c6 2. d4 d5 3. Nc3 dxe4 4. Nxe4 Nf6 5. Ng3 Nbd7 6. Nf3 g6 7. h4 h5 8. Ng5 Bg7 9. Bc4 O-O 10. O-O e6 11. Qd3 Nb6 12. Bb3 a5 13. a3 Nbd5 14. c4 Ne7 15.
Bc2 b5 16. b3 a4 17. cxb5 axb3 18. Bxb3 cxb5 19. Bf4 Ba6 20. Bxe6 fxe6 21. Nxe6 Qd7 22. Nxf8 Rxf8 23. Be5 Bb7 24. f3 Nfd5 25. Ne4 Qf5 26. Bxg7 Kxg7 27. Qxb5 Bc6 28. Qc5 Qf4 29. Rae1 Qxh4 30.
g3 Qh3 31. Qd6 Qf5 32. Nc5 Rf7 33. Ne6+ Kh7 34. Nd8 Bb5 35. Nxf7 Qxf7 36. Rf2 h4 37. Rh2 Nf5 38. Qe5 g5 39. g4 Nfe7 40. Qxg5 Ng6 41. Rxh4+ Nxh4 42. Qxh4+ Kg7 43. Qg5+ Kh7 44. Qh5+ Qxh5 45.
gxh5 Nf6 46. Re5 Bc4 47. Re7+ Kh6 48. Rc7 Bd5 49. Rc5 Kxh5 50. a4 Kg6 51. a5 Bxf3 52.
a6 Kf7 53. a7 Ke6 54. Rc8 Nd7 55. a8=Q Bxa8 56. Rxa8 Kd6 57. Rd8 Kc7 58. Rg8 Kd6 59. Kf2 Nf6 60. Ke3 Nxg8 61. d5 Ne7 62. Kd3 Nxd5 1/2-1/2

[Event "Late-Titled-Tuesday-Blitz-October-10-2023"]
[Site "Chess.com"]
[Date "2023.10.10"]
[Round "2"]
[White "tptagain"]
[Black "Joshukid"]
[Result "1-0"]
[WhiteElo "2877"]
[BlackElo "2563"]
[TimeControl "180+1"]
[EndTime "14:18:32 PDT"]
[Termination "tptagain won by resignation"]

1. Nf3 d5 2. b3 Nf6 3. Bb2 e6 4. c4 Be7 5. g3 O-O 6. Bg2 b6 7. cxd5 Nxd5 8. O-O Bb7 9. d4 Nd7 10. Re1 c5 11. e4 N5f6 12. Nc3 cxd4 13. Nxd4 Nc5 14. b4 Na6 15. a3 Rc8 16. Ndb5 Ra8 17. e5 Nd5 18. Nxd5 Bxd5 19. Bxd5 exd5 20. Qg4 Nc7 21.
Nxc7 Qxc7 22. Rac1 Qb7 23. e6 f6 24. h4 Rac8 25. h5 Rxc1 26. Bxc1 f5 27. Qf3 Qc6 28.
h6 Rf6 29. Bg5 Rxe6 30. Rxe6 Qxe6 31. Bxe7 Qxe7 32. Qxd5+ Kf8 33. Qxf5+ Kg8 34. Qd5+ Kf8 35. Qd4 Qe1+ 36. Kg2 gxh6 37. Qh8+ Kf7 38. Qxh7+ Ke8 39. Qxh6 Qe4+ 40. Kh2 Qc2 41. Qe3+ Kd8 42. g4 Qh7+ 43. Kg3 Qc7+ 44. Qf4 Qc3+ 45. Qf3 Qc1 46. Kg2 a5 47. bxa5 bxa5 48. Qa8+ Ke7 49. Qxa5 Qc6+ 50. Kg3 Qd6+ 51. Kh3 Qh6+ 52. Qh5 Qa6 53. Qe5+ Kf7 54. Qe3 Qa5 55.
Qf4+ Kg7 56. Qe3 Qa6 57. Kg3 Qb7 58. g5 Qc7+ 59. Qf4 Qc3+ 60. Qf3 Qe5+ 61. Kh3 Qe6+ 62. Kh4 Qc4+ 63. Kh5 Kg8 64. Qa8+ Kg7 65. Qb7+ Kg8 66. Qf3 Qc6 67. Qxc6 1-0

[Event "Late-Titled-Tuesday-Blitz-October-10-2023"]
[Site "Chess.com"]
[Date "2023.10.10"]
[Round "2"]
[White "Mykola-Bortnyk"]
[Black "hakanazeri2"]
[Result "1/2-1/2"]
[WhiteElo "2954"]
[BlackElo "2611"]
[TimeControl "180+1"]
[EndTime "14:18:33 PDT"]
[Termination "Game drawn - insufficient material"]

1. e4 c5 2. c3 Nf6 3. e5 Nd5 4. Bc4 Nb6 5. Bb3 e6 6. d4 d5 7. h4 Nc6 8. h5 h6 9. Be3 Bd7 10. Nd2 cxd4 11. cxd4 Na5 12. Qg4 Nac4 13. Rb1 Nxe3 14. fxe3 Qg5 15. Qxg5 hxg5 16. Rc1 g6 17. g4 gxh5 18. gxh5 Bh6 19. Bd1 Ke7 20.
Bg4 Rac8 21. Ne2 Bg7 22. Nf3 f5 23. exf6+ Bxf6 24. b3 Bc6 25. Kf2 Nd7 26. h6 Rcf8 27.
Kg2 e5 28. Bxd7 Kxd7 29. dxe5 d4 30. Rxc6 bxc6 31. exf6 d3 32. Rd1 Rxf6 33. Rxd3+ Kc7 34. Ng3 Rfxh6 35. Nxg5 Rh2+ 36. Kf3 Rxa2 37. Ne6+ Kb6 38. e4 a5 39. Nd4 Rd8 40. Ke3 Rb2 41. Rc3 c5 42.
Nf3 Kb5 43. e5 Kb4 44. Rc4+ Kb5 45. Rc3 Kb4 46. Ne4 Rxb3 47. Rxb3+ Kxb3 48. Nxc5+ Kc4 49. Nb7 Ra8 50. e6 Kd5 51. Ng5 Ke5 52. e7 Kf6 53. Ne4+ Kxe7 54. Nbc5 a4 55. Nc3 a3 56. Na2 Kd6 57.
Kd4 Rh8 58. Ne4+ Kc6 59. Nec3 Rh4+ 60. Kd3 Kc5 61. Ne4+ Kb5 62. Nec3+ Ka5 63. Kc2 Rh2+ 64. Kb3 Rxa2 65. Nxa2 Kb6 66. Kxa3 1/2-1/2

[Event "Late-Titled-Tuesday-Blitz-October-10-2023"]
[Site "Chess.com"]
[Date "2023.10.10"]
[Round "2"]
[White "keepitcoming"]
[Black "venturov"]
[Result "0-1"]
[WhiteElo "2185"]
[BlackElo "2455"]
[TimeControl "180+1"]
[EndTime "14:18:36 PDT"]
[Termination "venturov won by checkmate"]

1. d4 Nf6 2. c4 d6 3. Nc3 Nbd7 4. e4 e5 5. d5 Nc5 6. f3 a5 7. Be3 Be7 8. Qd2 O-O 9. Nge2 Ne8 10. Ng3 g6 11. Be2 f5 12. exf5 gxf5 13. Bh6 Ng7 14. O-O Bd7 15. Bd1 Rf6 16. Bg5 Rg6 17. Bxe7 Qxe7 18.
Bc2 Rf8 19. Rae1 Qh4 20. a3 Qxc4 21. Kh1 Qh4 22. f4 Rxg3 23. fxe5 dxe5 24. Rxe5 Rg6 25. Qf2 Qxf2 26. Rxf2 b5 27. g4 b4 28. axb4 axb4 29.
gxf5 Bxf5 30. Bxf5 Nxf5 31. Rexf5 Rxf5 32. Rxf5 bxc3 33. bxc3 Ne4 34. c4 c6 35. dxc6 Rxc6 36. Kg2 Rxc4 37. Kf3 Nd6 38. Rd5 Nf7 39. Rd7 Rh4 40. Rd2 Rh3+ 41.
Kg4 Ra3 42. h4 Kg7 43. Rd7 Kg6 44. Rb7 Ra4+ 45. Kg3 h5 46. Rb6+ Kf5 47. Rb5+ Ne5 48. Rd5 Ra3+ 49. Kg2 Kf4 50. Rd4+ Kf5 51. Rd5 Ra4 52.
Kg3 Rg4+ 53. Kh3 Ke4 54. Ra5 Kf5 55. Rd5 Re4 56. Ra5 Kf4 57. Ra3 Re3+ 58. Rxe3 Kxe3 59. Kg3 Ke4 60. Kh3 Kf4 61. Kh2 Kg4 62. Kg2 Kxh4 63. Kh2 Kg4 64. Kg2 h4 65. Kh2 h3 66. Kh1 Kg3 67.
Kg1 Nc4 68. Kh1 Nd2 69. Kg1 Ne4 70. Kh1 Nf2+ 71. Kg1 h2+ 72. Kf1 h1=Q+ 73. Ke2 Qf3+ 74. Kd2 Ng4 75. Kc2 Kf4 76. Kb2 Qd3 77. Kc1 Qe2 78. Kb1 Qd2 79. Ka1 Ke3 80. Kb1 Kd3 81. Ka1 Kc3 82. Kb1 Qb2# 0-1

[Event "Late-Titled-Tuesday-Blitz-October-10-2023"]
[Site "Chess.com"]
[Date "2023.10.10"]
[Round "2"]
[White "carloseduar100"]
[Black "karwowskikacper"]
[Result "0-1"]
[WhiteElo "2328"]
[BlackElo "2538"]
[TimeControl "180+1"]
[EndTime "14:18:41 PDT"]
[Termination "karwowskikacper won by checkmate"]

1. e4 e5 2. Nf3 Nc6 3. Nc3 Nf6 4.
Nxe5 Nxe5 5. d4 Ng6 6. e5 Ng8 7.
Bc4 c6 8. Qf3 d5 9. exd6 Be6 10.
d5 cxd5 11. Bb5+ Bd7 12. Qxd5 Bxb5 13. Nxb5 Nf6 14. Qxb7 Rb8 15. Nc7+ Kd7 16. Qxa7 Bxd6 17.
Nb5+ Ke8 18. Nxd6+ Qxd6 19. O-O Kf8 20. a4 Kg8 21. b3 h5 22. Ba3 Qd8 23. Rad1 Qc8 24. Rfe1 Kh7 25. Qxf7 Qxc2 26. a5 Qxb3 27. Qxb3 Rxb3 28.
Bc5 Rb5 29. Bb6 Nf4 30. Rb1 Rxb1 31. Rxb1 Ra8 32. Ra1 N4d5 33. Bd4 Ra6 34. h3 Nb4 35. Bxf6 gxf6 36. Rb1 Nc6 37. Rb5 Rxa5 38. Rb6 Rc5 39. Kh2 Kg6 40. f3 h4 41. Ra6 Ne5 42. Ra4 Rc4 43.
Ra5 Kf5 44. Rb5 Rc2 45. Ra5 Kf4 46. Ra4+ Ke3 47. Re4+ Kd3 48. Kg1 Rc1+ 49. Kh2 Rc2 50. Kg1 Nc4 51. Rxh4 Ne3 52. g4 Ke2 53. g5 Kxf3 54. gxf6 Rc1+ 55. Kh2 Nf1+ 56. Kg1 Ng3+ 57. Kh2 Rh1# 0-1

[Event "Late-Titled-Tuesday-Blitz-October-10-2023"]
[Site "Chess.com"]
[Date "2023.10.10"]
[Round "2"]
[White "traack"]
[Black "Blackwhite017"]
[Result "0-1"]
[WhiteElo "2404"]
[BlackElo "2036"]
[TimeControl "180+1"]
[EndTime "14:18:50 PDT"]
[Termination "Blackwhite017 won by resignation"]

1. e4 c5 2. Nf3 d6 3. d4 cxd4 4. Nxd4 Nf6 5. Nc3 g6 6. Be3 Bg7 7. f3 O-O 8. Qd2 Nc6 9. O-O-O Nxd4 10. Bxd4 Be6 11. Kb1 Qa5 12. g4 Rfc8 13. a3 Rab8 14. h4 b5 15. h5 b4 16. axb4 Rxb4 17. hxg6 fxg6 18. g5 Rxd4 19. Qxd4 Nd5 20. Qxg7+ Kxg7 21. exd5 Bf5 22. Bd3 Bxd3 23. Rxd3 Rb8 24. Re1 Rb7 25. Rde3 Kf8 26. Rh1 Qb4 27. Nd1 Qd4 28. Rd3 Qg7 29.
f4 Qf7 30. Rd2 Rb4 31. Rf1 Ke8 32. f5 gxf5 33. c3 Rg4 34. Ne3 Rxg5 35. Rdf2 Qg6 36.
Nxf5 Rg1 37. Ka2 Rxf1 38. Rxf1 Qg2 39. Rd1 Qg4 40. Rf1 Qe2 41. Ng7+ Kd7 42. Rf4 Qa6+ 43. Kb3 Qb5+ 44. Kc2 Qxd5 45. Nf5 Qg2+ 46. Kb3 Qb7+ 47. Kc2 Qg2+ 48. Kb3 Qg5 49. Rf2 e6 50. Nd4 Qg3 51.
Rf7+ Kd8 52. Nxe6+ Ke8 53. Rxh7 Qg6 54. Nc7+ Kd8 55.
Rh8+ Kxc7 56. Ra8 Kc6 57. Rxa7 Qe4 58. Ra6+ Kd7 59. Ra4 Qb7+ 60. Ka3 Ke6 61. Rb4 Qd5 62. c4 Qa5+ 63. Kb3 Qc5 64. Kc3 d5 65. b3 d4+ 66.
Kd3 Qxb4 67. Kxd4 Qxb3 68. c5 Kd7 69. c6+ Kc7 0-1

[Event "Late-Titled-Tuesday-Blitz-October-10-2023"]
[Site "Chess.com"]
[Date "2023.10.10"]
[Round "2"]
[White "Arimin1329"]
[Black "Smiechu"]
[Result "0-1"]
[WhiteElo "2268"]
[BlackElo "2509"]
[TimeControl "180+1"]
[EndTime "14:18:54 PDT"]
[Termination "Smiechu won by resignation"]

1. Nf3 Nf6 2. g3 c5 3. Bg2 Nc6 4. O-O g6 5. c3 Bg7 6. d4 cxd4 7.
cxd4 d5 8. Nc3 O-O 9. Qb3 e6 10. e3 b6 11. Bd2 Ba6 12. Rfc1 Rc8 13. Qa3 Bb7 14. Nb5 Ne4 15. Nxa7 Nxa7 16. Qxa7 Bc6 17. Qa3 Nxd2 18. Nxd2 Qd7 19. Qb4 Rb8 20. Rc2 Rfc8 21. Nf3 Bf8 22. Qd2 Ba4 23. Rxc8 Rxc8 24. b3 Bb5 25. a4 Ba6 26. Rc1 Bd6 27. Bf1 Bxf1 28.
Kxf1 Rc6 29. Kg2 Bb4 30. Qd1 Qc7 31. Rxc6 Qxc6 32. Ne5 Qc3 33. Qd3 Qc7 34. Qb5 Bd6 35. Qe8+ Kg7 36. Nd3 Qc2 37. Qb5 Qc7 38. h4 h5 39. b4 g5 40. hxg5 Be7 41. a5 bxa5 42. bxa5 Bxg5 43. a6 h4 44. Nc5 hxg3 45. Qd7 Qb6 46. a7 Qb2 47. Nxe6+ Kf6 48. Kxg3 Bh4+ 49. Kh3 Qxf2 50. Qd8+ Kxe6 51. Qxh4 Qf1+ 52. Kg3 Qe1+ 53.
Kg4 Qe2+ 54. Kg5 Qxe3+ 55. Qf4 f6+ 56. Kg4 Qg1+ 57. Kh4 Qh1+ 58. Kg3 Qg1+ 59. Kh4 Qh1+ 60. Kg4 Qg1+ 61. Qg3 Qxd4+ 62. Kh3 Qxa7 63. Qg4+ Kf7 64.
Qh5+ Kg7 65. Qxd5 Qe3+ 66. Kh2 Qf4+ 67. Kh3 Kg6 68. Qg2+ Kf5 69. Qc2+ Qe4 70. Qc8+ Kf4 71. Qg4+ Ke5 72. Qg3+ Qf4 73. Kg2 Qxg3+ 74. Kxg3 Ke4 75.
Kg2 f5 76. Kf2 Kf4 77. Ke2 Kg3 78. Kf1 Kf3 79. Kg1 Ke2 80. Kg2 f4 81. Kh3 f3 82.
Kg4 f2 83. Kh3 f1=Q+ 84. Kg4 Qg2+ 85. Kh4 Ke3 0-1